 Dungeon Crawl Stone Soup version 0.21.1-1-g345015f (webtiles) character file.

9905 suicidejoker the Quickloader (level 11, -3/74 HPs)
             Began as an Octopode Hunter on Apr 21, 2018.
             Was a High Priest of Cheibriados.
             Slain by a four-headed hydra (10 damage)
             ... on level 12 of the Dungeon.
             The game lasted 00:35:08 (10983 turns).

suicidejoker the Quickloader (Octopode Hunter)     Turns: 10983, Time: 00:35:09

Health: -3/74      AC:  2    Str: 26    XL:     11   Next: 53%
Magic:  0/17       EV: 22    Int: 26    God:    Cheibriados [*****.]
Gold:   261        SH:  0    Dex: 28    Spells: 13/18 levels left

rFire    . . .     SeeInvis .   a - +7 hand crossbow
rCold    . . .     Gourm    .   (no shield)
rNeg     . . .     Faith    .   (helmet restricted)
rPois    .         Spirit   +   l - amulet of guardian spirit
rElec    .         Reflect  .   E - +3 ring of dexterity
rCorr    .         Harm     .   J - +3 ring of evasion
MR       .....                  B - +3 ring of slaying
Stlth    +++.......             (no ring)
HPRegen  0.22/turn              (no ring)
MPRegen  0.15/turn              (no ring)
                                (no ring)
                                (no ring)

@: confused, very slow
A: almost no armour, stealthy swim, amphibious, 8 rings, constrict 8, rugged
brown scales 1, camouflage 1, gelatinous body 1, subdued magic 1
a: Bend Time, Temporal Distortion, Slouch, Step From Time, Renounce Religion


You were on level 12 of the Dungeon.
You worshipped Cheibriados.
Cheibriados was extremely pleased with you.
You were not hungry.

You visited 1 branch of the dungeon, and saw 12 of its levels.
You also visited: Labyrinth.

You collected 513 gold pieces.
You spent 252 gold pieces at shops.

Inventory:

Hand Weapons
 a - a +7 hand crossbow (weapon)
 g - a +0 blowgun
 t - a +2 dagger of flaming
 v - a +0 hunting sling
 I - a +0 arbalest
 L - a +3 dagger of freezing
Missiles
 i - 330 stones
 j - 7 curare-tipped needles
 m - 255 arrows
 n - 54 poisoned needles
 o - 29 bolts (quivered)
 w - 73 sling bullets
 A - 4 tomahawks of returning
 F - a throwing net
 H - 2 tomahawks
Jewellery
 f - an uncursed amulet of magic regeneration
 l - an amulet of guardian spirit (around mantle)
 B - a +3 ring of slaying (on tentacle)
 E - a +3 ring of dexterity (left tentacle)
 J - a +3 ring of evasion (right tentacle)
Wands
 q - a wand of enslavement (17)
 N - a wand of iceblast (4)
Scrolls
 c - 8 scrolls of teleportation
 h - 11 scrolls of identify
 r - 3 scrolls of remove curse
 K - 2 scrolls of amnesia
Potions
 b - 2 potions of ambrosia
 k - a potion of lignification
 z - 2 potions of flight
 G - a potion of resistance
Books
 e - a book of Death

   Spells                             Type                      Level
   a - Corpse Rot                     Necromancy                   2
   b - Sublimation of Blood           Necromancy                   2
   c - Agony                          Necromancy                   5
   d - Dispel Undead                  Necromancy                   5
   e - Excruciating Wounds            Charms/Necromancy            5
   f - Bolt of Draining               Conjuration/Necromancy       5
 p - a book of Maledictions

   Spells                             Type                      Level
   a - Corona                         Hexes                        1
   b - Ensorcelled Hibernation        Hexes/Ice                    2
   c - Confuse                        Hexes                        3
   d - Tukima's Dance                 Hexes                        3
   e - Dazzling Spray                 Conjuration/Hexes            3
Miscellaneous
 T - a crystal ball of energy
Comestibles
 d - 14 rations


   Skills:
 + Level 5.6 Fighting
 * Level 9.0 Crossbows
 + Level 5.6 Dodging
 + Level 8.1 Stealth
 * Level 6.6 Unarmed Combat
 + Level 4.3 Spellcasting
 + Level 4.6 Hexes
 + Level 4.7 Ice Magic
 * Level 7.2 Invocations
 + Level 1.3 Evocations


You had 13 spell levels left.
You knew the following spells:

 Your Spells              Type           Power        Failure   Level  Hunger
a - Ensorcelled Hibernat  Hex/Ice        ###...       1%          2    None
b - Dazzling Spray        Conj/Hex       ##....       8%          3    ##.....


Dungeon Overview and Level Annotations

Branches:
Dungeon (12/15)            Temple (0/1) D:7            Lair (0/6) D:8
    Orc (0/2) D:10

Altars:
Cheibriados
Elyvilon
Hepliaklqana
Kikubaaqudgha
Okawaru
Qazlal
Ru
Sif Muna
Uskayaw
Vehumet
Xom
Yredelemnul
The Shining One

Shops:
D:5 =   D:6 *   D:10 }

Annotations:
D:12 Urug


Innate Abilities, Weirdness & Mutations

You cannot wear most types of armour.
You are very stealthy in the water. (Stealth+)
You are amphibious.
You can wear up to eight rings at the same time.
You can use your tentacles to constrict eight enemies at once.
Your skin changes colour to match your surroundings (Stealth+).
Your rubbery body absorbs attacks. (AC +1, EV +1)
You are partially covered in rugged brown scales. (AC +1, +3% HP)
Your spells are a little easier to cast, but a little less powerful.


Message History

The four-headed hydra misses you.
Firing (i - inventory. (,) - cycle):
o - 31 bolts (quivered)
Press: ? - help, Shift-Dir - straight line, f/p - four-headed hydra
Aim: a four-headed hydra (heavily wounded)
You shoot a bolt.
The four-headed hydra closely misses you.
The four-headed hydra misses you.
The four-headed hydra bites you but does no damage.
The four-headed hydra closely misses you.
Firing (i - inventory. (,) - cycle):
o - 30 bolts (quivered)
Press: ? - help, Shift-Dir - straight line, f/p - four-headed hydra
Aim: a four-headed hydra (heavily wounded)
You shoot a bolt. The four-headed hydra bites you!
* * * LOW HITPOINT WARNING * * *
The four-headed hydra barely misses you.
The four-headed hydra bites you.
* * * LOW HITPOINT WARNING * * *
The four-headed hydra completely misses you.
The four-headed hydra misses you. The four-headed hydra bites you!
You die...

#. .. #. .# #.
.# #.### D# ...
.. #.# .# ##<##
.#
#.#..@##.######
#.....DF((....}
#.....####.###.
#..#..(
#..##### #..
#..


You could see a four-headed hydra and a bullfrog.

Vanquished Creatures
  Snorg (D:11)
  A minotaur (Lab)
  Erica (D:8)
  A two-headed ogre (D:9)
  The ghost of bande the Chopper, a novice GrFi of Okawaru (D:8)
  Pikel (D:8)
  A komodo dragon (D:11)
  A troll (D:9)
  A hippogriff (D:11)
  Grinder (D:3)
  Sigmund (D:6)
  5 yaks (D:11)
  Eustachio (D:5)
  A hungry ghost (D:10)
  Edmund (D:6)
  An orc warrior (D:7)
  A sky beast (D:9)
  A hornet zombie (D:10)
  4 slaves (D:8)
  3 ice beasts
  3 phantoms
  4 ogres
  A necrophage (D:9)
  5 centaurs
  A crocodile (D:7)
  5 bullfrogs
  2 scorpions
  9 killer bees
  6 howler monkeys
  A bullfrog zombie (D:5)
  5 crimson imps
  A centaur zombie (D:5)
  5 hounds
  3 orc priests
  3 jellies
  A centaur skeleton (D:5)
  4 iguanas
  12 orc wizards
  10 worker ants
  A hound zombie (D:3)
  2 hound skeletons
  A worker ant zombie (D:3)
  Robin (D:2)
  6 gnolls
  11 adders
  2 oozes
  An adder zombie (D:8)
  2 adder skeletons
  4 worms
  A dart slug (D:1)
  6 leopard geckos
  28 orcs
  11 bats
  6 giant cockroaches
  13 goblins
  8 hobgoblins
  7 jackals
  11 kobolds
  6 quokkas
  A ball python (D:3)
  6 frilled lizards
  3 rats
248 creatures vanquished.

Notes
Turn   | Place    | Note
-------+----------+-------------------------------------------
     0 | D:1      | suicidejoker the Octopode Hunter began the quest for the Orb.
     0 | D:1      | Reached XP level 1. HP: 14/14 MP: 1/1
    78 | D:1      | Reached XP level 2. HP: 19/19 MP: 2/2
   977 | D:2      | Found an iron altar of Okawaru.
   978 | D:2      | Reached XP level 3. HP: 24/24 MP: 3/3
  1261 | D:2      | Noticed Robin
  1266 | D:2      | Reached XP level 4. HP: 28/30 MP: 4/4
  1286 | D:2      | Killed Robin
  1470 | D:2      | Found a hide-covered altar of Uskayaw.
  1470 | D:2      | Found a shimmering altar of Xom.
  1640 | D:2      | Found a basalt altar of Yredelemnul.
  1949 | D:3      | Reached skill level 5 in Crossbows
  1949 | D:3      | Reached XP level 5. HP: 16/35 MP: 3/5
  2208 | D:3      | Learned a level 2 spell: Ensorcelled Hibernation
  2221 | D:3      | Noticed Grinder
  2564 | D:3      | Paralysed by Grinder for 4 turns
  2576 | D:3      | Killed Grinder
  2576 | D:3      | Reached skill level 1 in Spellcasting
  2576 | D:3      | Reached skill level 1 in Hexes
  2576 | D:3      | Reached skill level 1 in Ice Magic
  2576 | D:3      | Reached XP level 6. HP: 40/42 MP: 4/7
  2791 | D:3      | Found a snail-covered altar of Cheibriados.
  2807 | D:3      | Became a worshipper of Cheibriados the Contemplative
  3068 | D:4      | Reached XP level 7. HP: 46/46 MP: 8/8
  3114 | D:4      | Reached skill level 1 in Invocations
  3120 | D:4      | Reached skill level 1 in Unarmed Combat
  3290 | D:4      | Reached * piety under Cheibriados
  3397 | D:4      | Found a hazy altar of Hepliaklqana.
  3769 | D:5      | Entered Level 5 of the Dungeon
  3808 | D:5      | Noticed Eustachio
  3813 | D:5      | Killed Eustachio
  3813 | D:5      | Reached skill level 6 in Crossbows
  3900 | D:5      | Found Agecimumo's Jewellery Emporium.
  3969 | D:5      | Reached XP level 8. HP: 44/52 MP: 7/10
  4398 | D:5      | Found a glowing golden altar of the Shining One.
  4446 | D:5      | Reached ** piety under Cheibriados
  4734 | D:6      | Reached skill level 5 in Stealth
  4893 | D:6      | Found Goucapt's General Store.
  4904 | D:6      | Reached XP level 9. HP: 29/58 MP: 5/12
  5083 | D:6      | Found a deep blue altar of Sif Muna.
  5264 | D:6      | Noticed Sigmund
  5267 | D:6      | Killed Sigmund
  5292 | D:6      | Noticed Edmund
  5300 | D:6      | Killed Edmund
  5410 | D:6      | Reached skill level 7 in Crossbows
  5544 | D:5      | Bought a +3 ring of evasion for 252 gold pieces
  5645 | D:7      | Reached *** piety under Cheibriados
  5666 | D:7      | Found a staircase to the Ecumenical Temple.
  5785 | D:7      | Found a white marble altar of Elyvilon.
  5976 | D:7      | Gained mutation: Your spells are a little easier to cast, but a little less powerful. [potion of mutation]
  5976 | D:7      | Gained mutation: You are partially covered in rugged brown scales. (AC +1, +3% HP) [potion of mutation]
  6237 | D:8      | Reached **** piety under Cheibriados
  6356 | D:8      | Noticed bande's ghost (novice GrFi)
  6371 | D:8      | Killed bande's ghost
  6371 | D:8      | Reached skill level 5 in Invocations
  6371 | D:8      | Reached XP level 10. HP: 66/66 MP: 14/14
  6607 | D:8      | Found a staircase to the Lair.
  6637 | D:8      | Found a stormy altar of Qazlal.
  6637 | D:8      | Noticed Pikel
  6637 | D:8      | Noticed Erica
  6771 | D:8      | Killed Pikel
  6771 | D:8      | Reached skill level 5 in Unarmed Combat
  6778 | D:8      | Killed Erica
  6778 | D:8      | Reached skill level 5 in Fighting
  6778 | D:8      | Reached skill level 8 in Crossbows
  6778 | D:8      | Reached skill level 5 in Dodging
  7024 | D:8      | Found a sacrificial altar of Ru.
  7205 | D:9      | Found a radiant altar of Vehumet.
  7482 | D:9      | Noticed a two-headed ogre
  7501 | D:9      | Killed a two-headed ogre
  8228 | D:10     | Entered Level 10 of the Dungeon
  8233 | D:10     | Reached ***** piety under Cheibriados
  8281 | D:10     | Reached XP level 11. HP: 60/74 MP: 12/16
  8336 | D:10     | Found Biydeic's Gadget Shop.
  8687 | D:10     | Found a staircase to the Orcish Mines.
  8769 | D:10     | Found an ancient bone altar of Kikubaaqudgha.
  9207 | D:11     | Found a labyrinth entrance.
  9213 | Lab      | Entered a labyrinth
  9514 | Lab      | Learned a level 3 spell: Dazzling Spray
  9572 | Lab      | Noticed a minotaur
  9585 | Lab      | Killed a minotaur
 10346 | D:11     | Noticed Snorg
 10352 | D:11     | Killed Snorg
 10352 | D:11     | Reached skill level 1 in Evocations
 10678 | D:11     | Reached skill level 9 in Crossbows
 10973 | D:12     | Noticed a four-headed hydra
 10975 | D:12     | Noticed Urug
 10983 | D:12     | Slain by a four-headed hydra

Skill      XL: |  1  2  3  4  5  6  7  8  9 10 11 |
---------------+----------------------------------+-----
Stealth        | 2 3 4 5 6 7 8 |  8.1
Crossbows      | 5 6 7 8 9 |  9.0
Fighting       | 3 4 5 |  5.6
Dodging        | 3 4 5 |  5.6
Spellcasting   | 1 2 3 4 |  4.3
Hexes          | 1 2 3 4 |  4.6
Ice Magic      | 1 2 3 4 |  4.7
Invocations    | 2 3 5 6 7 |  7.2
Unarmed Combat | 2 3 4 5 6 |  6.6
Evocations     | 1 |  1.3

Action                   |  1- 3 |  4- 6 |  7- 9 | 10-12 || total
-------------------------+-------+-------+-------+-------++-------
Melee: Short sword       |     2 |    30 |       |       ||    32
       Unarmed           |       |    20 |    38 |    80 ||   138
       Constrict         |       |     6 |     7 |    13 ||    26
       Tentacles         |       |     2 |    11 |    31 ||    44
       Punch             |       |       |     3 |     9 ||    12
       Dagger            |       |       |     2 |    14 ||    16
       Rapier            |       |       |       |     2 ||     2
 Fire: Hand crossbow     |    76 |    62 |   220 |   159 ||   517
Throw: Stone             |       |    18 |     3 |       ||    21
Evoke: Sack of spiders   |       |       |       |     4 ||     4
  Use: Scroll            |     4 |     9 |    11 |     7 ||    31
       Potion            |       |     2 |     3 |    15 ||    20
 Stab: Sleeping          |       |       |     2 |     3 ||     5
       Distracted        |       |       |     1 |       ||     1
  Eat: Chunk             |       |     6 |     6 |     7 ||    19
Armor: Skin              |     2 |    23 |     7 |    16 ||    48
Dodge: Dodged            |    13 |    35 |    72 |   163 ||   283
